 Dungeon Crawl Stone Soup version 0.30.0-10-gfe55d96785 (webtiles) character file.

Game seed: 4088836936900856956

6 qw the Trooper (level 1, 0/14 HPs)
             Began as a Gargoyle Cinder Acolyte on May 17, 2023.
             Was a High Priest of Ignis.
             Slain by a kobold
             ... wielding a +2 short sword of speed
              (3 damage)
             ... on level 1 of the Dungeon.
             The game lasted 00:00:09 (398 turns).

qw the Trooper (Gargoyle Cinder Acolyte)             Turns: 398, Time: 00:00:09

Health: 0/14       AC: 11    Str: 17    XL:     1   Next: 90%
Magic:  2/2        EV: 11    Int: 14    God:    Ignis [*****.]
Gold:   94         SH:  0    Dex:  5    Spells: 2/2 levels left

rFire   + . .        a - -1 hand axe (flame)
rCold   . . .        (no shield)
rNeg    + . .        b - +0 robe
rPois   inf          (no helmet)
rElec   +            (no cloak)
rCorr   .            (no gloves)
SInv    .            (no boots)
Will    .....        (no amulet)
Stlth   +            (no ring)
HPRegen 0.22/turn    (no ring)
MPRegen 0.08/turn

%: no passive effects
@: fiery-armoured
A: sickness immunity, AC +2, negative energy resistance 1, electricity
resistance, torment resistance 1, petrification resistance
a: Renounce Religion, Fiery Armour, Foxfire Swarm, Rising Flame


You were on level 1 of the Dungeon.
You worshipped Ignis.
Ignis was extremely pleased with you.
You visited 1 branch of the dungeon, and saw 1 of its levels.

You collected 94 gold pieces.


Innate Abilities, Weirdness & Mutations

You are immune to sickness and miasma.
Your stone body is resilient. (AC +2)
You are immune to poison.
You resist negative energy. (rN+)
You are resistant to electric shocks. (rElec)
You are resistant to unholy torment.
You are immune to petrification.


   Skills:
 - Level 3.2 Fighting
 + Level 3.1 Axes
 - Level 1.0 Spellcasting
 - Level 3.0 Fire Magic


You had 2 spell levels left.
You didn't know any spells.
Your spell library contained the following spells:

 Spells                   Type           Power      Damage    Failure   Level
 Scorch                   Fire           18%        2d6       12%         2

Inventory:

Hand Weapons
 a - a -1 hand axe of flaming (weapon)
Armour
 b - a +0 robe (worn)
 d - a +0 helmet
 f - a +0 leather armour
 h - a +0 ring mail
 k - a +0 leather armour of poison resistance
Scrolls
 e - 3 scrolls of silence {unknown}
 j - a scroll of identify {unknown}
Potions
 c - 2 potions of curing {unknown}
 g - a potion of attraction {unknown}
 i - a potion of heal wounds {unknown}
 l - a potion of mutation {unknown}
 m - a potion of might {unknown}

Dungeon Overview and Level Annotations

Branches:
Dungeon (1/15)

Altars:

Shops:
D:1 (


Message History

You kill the endoplasm!
Your Axes skill increases to level 3!
Found a stone staircase leading down.
A hobgoblin comes into view.
You closely miss the hobgoblin. The hobgoblin completely misses you.
You hit the hobgoblin. You burn the hobgoblin.
The hobgoblin is severely wounded.
The hobgoblin completely misses you. The hobgoblin barely misses you.
You closely miss the hobgoblin.
The hobgoblin is heavily wounded.
The hobgoblin hits you but does no damage.
You slash the hobgoblin! You burn the hobgoblin.
You kill the hobgoblin!
You now have 94 gold pieces (gained 12).
A kobold comes into view. It is wielding a +0 dagger.
The kobold shouts!
The kobold moves out of view.
You hit the kobold. You burn the kobold.
You kill the kobold!
You see here a +0 dagger.
A kobold comes into view.
It is wielding a +2 short sword of speed.
Found a book of Displacement and a scroll labelled POAWAN XEUSI.
The kobold shouts!
A rat comes into view.
You barely miss the kobold. The kobold hits you but does no damage.
You barely miss the kobold.
The kobold hits you with a +2 short sword of speed. x2
You closely miss the kobold.
The kobold hits you with a +2 short sword of speed. x2
397 ||| INVOKING Fiery Armour.
A protective cloak of flame settles atop you.
The kobold misses you.
You closely miss the kobold. The kobold hits you but does no damage.
The kobold is burned by your cloak of flames.
The kobold is moderately wounded.
The kobold hits you with a +2 short sword of speed.
You die...

..# ..# ..# ####
.?### #... :...
#.## ..##### #.#
#######K.......).
#.# #.....@r# ...
#.# #.####### #.#
#.# #.# #.# #.#
#.# ### #.# #.#
#.# ##.###.# #.#
#.#
##.#.##.####.#
#.#
###.#..........#
#.#
#.........######
#.# #.###.#####


You could see a kobold and a rat.

Vanquished Creatures
  An endoplasm (D:1)
  2 goblins (D:1)
  A hobgoblin (D:1)
  A kobold (D:1)
5 creatures vanquished.

Notes
Turn   | Place    | Note
-------+----------+-------------------------------------------
     0 | D:1      | qw the Gargoyle Cinder Acolyte began the quest for the Orb.
     0 | D:1      | Reached XP level 1. HP: 14/14 MP: 2/2
     0 | D:1      | 0 ||| qw: Version: 0.2-a-95-g4c1bab1
     0 | D:1      | 0 ||| qw: Game counter: 148
     0 | D:1      | 0 ||| qw: Always use a shield: true
     0 | D:1      | 0 ||| qw: God list: Okawaru
     0 | D:1      | 0 ||| qw: Allow faded altars: false
     0 | D:1      | 0 ||| qw: Do Orc after D:15 true
     0 | D:1      | 0 ||| qw: Do second Lair branch before Depths: true
     0 | D:1      | 0 ||| qw: Lair rune preference: random
     0 | D:1      | 0 ||| qw: Plans: Normal
     0 | D:1      | 0 ||| PLANNING D:1-11
    16 | D:1      | Found Lucw's Antique Weapon Shoppe.
   260 | D:1      | Reached skill level 3 in Axes
   396 | D:1      | HP: 3/14 [kobold/+2 short sword of speed (3)]
   397 | D:1      | 397 ||| INVOKING Fiery Armour.
   398 | D:1      | Slain by a kobold

Levels and vault maps discovered:
D:1:      lightli_arrival_lavapool, layout_loops_ring, serial_shops, shop_coins,
          chequers_serial_rivers_room_a, corexii_item_surrounded_by_moat

Skill      XL: |  1 |
---------------+----+-----
Axes           | 3 |  3.1
Fighting       | |  3.2
Spellcasting   | |  1.0
Fire Magic     | |  3.0

Action                     || total
---------------------------++-------
  Melee: Hand axe          ||    19
 Invoke: Fiery Armour      ||     1
 Armour: Robe              ||     4
  Dodge: Dodged            ||     7

Table legend:
 A = Non-vault XP
 B = Vault XP
 C = Vault XP percentage of total XP
 D = Non-vault monster count
 E = Vault monster count
 F = Vault count percentage of total count
                 A         B        C        D         E       F
            +---------+---------+-------+---------+---------+-------
      Total |       9 |       0 |   0.0 |       5 |       0 |   0.0
            +---------+---------+-------+---------+---------+-------
        D:1 |       9 |       0 |   0.0 |       5 |       0 |   0.0
            +---------+---------+-------+---------+---------+-------
